AoeStats
← Turco Bain

Arabia

508167081Analyzed
1v1 RM · 12d ago on Sep 21, 2026· 45m 32s· 2 players
Game mode
Random Map
Map size
Tiny (2 player)
Population
200
Speed
Normal
Resources
Standard
Victory
Conquest
Starting age
Dark Age
Ending age
Imperial Age
RankedLock teamsTeams togetherTeam positionsShared explorationLock speedFull tech treeHidden civsTurbo modeCheats
Victory
Defeat
🇻🇪 Magyars · Venezuela
1301
+14
🇷🇸 Magyars · Serbia
1253
-14
Turco Bain
6:37 Loom
10:35 Feudal Age
14:58 Castle Age
13:24 Double-Bit Axe
13:50 Stone Mining
42:01 Town Watch
ITVE.EduardR10
7:52 Loom
9:52 Feudal Age
10:41 Double-Bit Axe
20:01 Bloodlines
30:43 Castle Age
29:15 Horse Collar
33:22 Fletching
38:46 Husbandry
40:01 Bow Saw
40:58 Gold Mining
41:41 Scale Barding Armor
42:40 Wheelbarrow
41:50 Town Watch
Connection lost

Rejoining the realm…

Still unreachable

The connection could not be restored.

Session expired

The server has moved on; the page needs a fresh start.